 Dungeon Crawl Stone Soup version 0.21.1-1-g345015f (webtiles) character file.

8218 nicolaieve the Severer (level 11, -4/89 HPs)
             Began as a Minotaur Berserker on June 14, 2018.
             Was a High Priest of Trog.
             Slain by a jumping spider (10 damage)
             ... on level 2 of the Lair of Beasts.
             The game lasted 00:44:10 (9312 turns).

nicolaieve the Severer (Minotaur Berserker)         Turns: 9312, Time: 00:44:11

Health: -4/89      AC: 18    Str: 23    XL:     11   Next: 7%
Magic:  10/10      EV:  9    Int:  4    God:    Trog [*****.]
Gold:   546        SH:  0    Dex: 12    Spells: 10/10 levels left

rFire    . . .     SeeInvis .   v - +0 war axe
rCold    . . .     Gourm    +   (no shield)
rNeg     . . .     Faith    .   l - +0 plate armour
rPois    .         Spirit   .   (helmet restricted)
rElec    .         Reflect  .   (no cloak)
rCorr    .         Harm     .   (no gloves)
MR       ++...                  b - +2 pair of boots
Stlth    ..........             A - amulet of the gourmand
HPRegen  1.24/turn              E - +1 ring of evasion
MPRegen  0.12/turn              D - +3 ring of slaying

@: regenerating
A: retaliatory headbutt, horns 2
a: Berserk, Trog's Hand, Brothers in Arms, Burn Spellbooks, Renounce Religion


You were on level 2 of the Lair of Beasts.
You worshipped Trog.
Trog was extremely pleased with you.
You were very full.

You visited 2 branches of the dungeon, and saw 11 of its levels.

You collected 546 gold pieces.

Inventory:

Hand Weapons
 a - a +0 hand axe
 v - a +0 war axe (weapon)
 J - a +2 spear of flaming
Armour
 b - a +2 pair of boots (worn)
 k - a +0 scale mail
 l - a +0 plate armour (worn)
Jewellery
 i - an uncursed ring of protection from cold
 A - an amulet of the gourmand (around neck)
 D - a +3 ring of slaying (right hand)
 E - a +1 ring of evasion (left hand)
 K - an uncursed amulet of rage
 O - a +1 ring of slaying
 Q - a +5 ring of evasion
 R - an uncursed ring of flight {unknown}
Wands
 q - a wand of digging (9)
 w - a wand of enslavement (15)
 z - a wand of flame (57)
 C - a wand of polymorph (11)
 G - a wand of acid (6)
 I - a wand of clouds (6)
 M - a wand of paralysis (19)
Scrolls
 d - 2 scrolls of fear
 e - 2 scrolls of remove curse
 f - a scroll of magic mapping {unknown}
 g - a scroll of enchant weapon {unknown}
 j - 2 scrolls of immolation {unknown}
 m - 2 scrolls of teleportation {unknown}
 r - a scroll of blinking {unknown}
 s - a scroll of random uselessness {unknown}
 y - 2 scrolls of amnesia {unknown}
 F - a scroll of noise {unknown}
Potions
 h - a potion of magic
 n - 2 potions of mutation
 o - 3 potions of brilliance
 p - 5 potions of curing
 t - 2 potions of agility
 u - a potion of might
 x - a potion of heal wounds {unknown}
 B - 2 potions of lignification {unknown}
Books
 H - a book of Air

   Spells                             Type                      Level
   a - Shock                          Conjuration/Air              1
   b - Swiftness                      Charms/Air                   2
   c - Static Discharge               Conjuration/Air              3
   d - Airstrike                      Air                          4
   e - Lightning Bolt                 Conjuration/Air              5
   Trog disapproves of the use of such an item.
 L - a book of Power

   Spells                             Type                      Level
   a - Iskenderun's Battlesphere      Conjuration/Charms           5
   b - Venom Bolt                     Conjuration/Poison           5
   c - Bolt of Magma                  Conjuration/Fire/Earth       5
   d - Iron Shot                      Conjuration/Earth            6
   e - Orb of Destruction             Conjuration                  7
   f - Spellforged Servitor           Conjuration/Summoning        7
   Trog disapproves of the use of such an item.
Miscellaneous
 N - a fan of gales
Comestibles
 c - 15 rations


   Skills:
 + Level 5.9 Fighting
 + Level 15.4 Axes
 * Level 11.9 Armour
 - Level 2.2 Dodging


You had 10 spell levels left.
You didn't know any spells.

Dungeon Overview and Level Annotations

Branches:
Dungeon (9/15)             Temple (0/1) D:6            Lair (2/6) D:9
 Spider (0/4) Lair:2          Orc (0/2) D:9
  Swamp: Lair:2-4    Shoals: Lair:2-4

Altars:
Dithmenos
Gozag
Hepliaklqana
Kikubaaqudgha
Makhleb
Nemelex Xobeh
Qazlal
Ru
Vehumet
Wu Jian
Zin

Shops:
D:4 [   D:6 =:


Innate Abilities, Weirdness & Mutations

You reflexively headbutt those who attack you in melee.
You have a pair of horns on your head.


Message History

The jumping spider is severely wounded.
The jumping spider pounces on you but does no damage.
The jumping spider bites you but does no damage.
The jumping spider leaps!
The jumping spider pounces on you but does no damage.
The jumping spider barely misses you.
You closely miss the jumping spider.
The jumping spider is severely wounded.
The jumping spider leaps!
The jumping spider misses you. The jumping spider bites you.
* * * LOW HITPOINT WARNING * * *
You closely miss the jumping spider.
The jumping spider is severely wounded.
The jumping spider pounces on you!
* * * LOW HITPOINT WARNING * * *
The jumping spider bites you but does no damage.
Your plate armour prevents you from hitting the jumping spider.
The jumping spider is severely wounded.
The jumping spider leaps!
The jumping spider pounces on you!
You die...

#############
#..§........####
#..............###
#..s.............#
##......@s...%..P#
#..........##≈≈≈##
#........####...#
###....§.## ..>..#
#.#......# #...#.#
##.......#
##.###.# ##......#
## #.# ##......#
## ..###.......#


You could see 2 jumping spiders.

Vanquished Creatures
  A hydra (Lair:1)
  Pikel (D:8)
  The ghost of sking99 the Cleaver, a novice HOMo of Beogh (D:5)
  A spiny frog (Lair:2)
  A rime drake (Lair:2)
  A komodo dragon (Lair:2)
  4 hippogriffs
  3 redbacks (Lair:2)
  Sigmund (D:3)
  4 yaks (Lair:1)
  A wyvern (D:9)
  A water moccasin (Lair:2)
  2 hell hounds (D:9)
  An ice beast (D:9)
  An orc warrior (D:8)
  2 slaves (D:8)
  2 phantoms
  2 sky beasts
  4 ogres
  3 centaurs
  2 crocodiles
  5 big kobolds
  2 bullfrogs
  2 gnoll sergeants
  3 scorpions
  A water moccasin skeleton (D:8)
  2 howler monkeys
  The ghost of tidbits the Grave Robber, a weakling GnNe (D:4)
  3 crimson imps
  2 bullfrog zombies
  3 jellies (D:8)
  A quasit (D:7)
  2 bullfrog skeletons
  A hound (D:4)
  7 orc priests
  Jessica (D:2)
  5 orc wizards
  2 iguanas
  5 worker ants
  A hound skeleton (D:4)
  A worker ant zombie (D:4)
  15 gnolls
  2 howler monkey skeletons
  7 adders
  2 shadow imps
  5 oozes (D:8)
  A worm (D:4)
  2 dart slugs (D:1)
  7 leopard geckos
  29 orcs
  5 bats
  5 giant cockroaches
  12 hobgoblins
  12 jackals
  41 kobolds
  6 quokkas
  2 ball pythons
  2 frilled lizards
  4 goblins
  2 jackal skeletons (D:8)
  A leopard gecko skeleton (D:7)
  A leopard gecko zombie (D:9)
  A quokka skeleton (D:8)
  A quokka zombie (D:5)
  4 rats
  2 bushes (D:1)
  2 plants (D:1)
262 creatures vanquished.

Vanquished Creatures (others)
  A fungus (Lair:1)
1 creature vanquished.

Grand Total: 263 creatures vanquished

Notes
Turn   | Place    | Note
-------+----------+-------------------------------------------
     0 | D:1      | nicolaieve the Minotaur Berserker began the quest for the Orb.
     0 | D:1      | Reached XP level 1. HP: 19/19 MP: 0/0
   139 | D:1      | Reached skill level 4 in Axes
   145 | D:1      | Reached XP level 2. HP: 21/27 MP: 1/1
   405 | D:1      | Reached skill level 5 in Axes
   526 | D:1      | Reached XP level 3. HP: 33/33 MP: 2/2
   817 | D:1      | Reached ** piety under Trog
  1524 | D:2      | Noticed Jessica
  1537 | D:2      | Killed Jessica
  1642 | D:2      | Reached XP level 4. HP: 40/40 MP: 3/3
  1673 | D:2      | Found a sacrificial altar of Ru.
  1969 | D:2      | Reached skill level 6 in Axes
  1974 | D:2      | Found a burning altar of Makhleb.
  1975 | D:2      | Found an ancient bone altar of Kikubaaqudgha.
  1977 | D:2      | Found a glowing silver altar of Zin.
  2145 | D:2      | Found an opulent altar of Gozag.
  2145 | D:2      | Found a sparkling altar of Nemelex Xobeh.
  2567 | D:3      | Noticed Sigmund
  2575 | D:3      | Killed Sigmund
  2575 | D:3      | Reached skill level 8 in Axes
  2575 | D:3      | Reached XP level 5. HP: 46/46 MP: 4/4
  3042 | D:4      | Found Woytinnepoe's Antique Armour Shoppe.
  3072 | D:4      | Noticed a centaur
  3077 | D:4      | Reached XP level 6. HP: 48/52 MP: 5/5
  3112 | D:4      | Reached skill level 9 in Axes
  3432 | D:4      | Reached *** piety under Trog
  3432 | D:4      | Reached XP level 7. HP: 21/58 MP: 6/6
  3467 | D:4      | Noticed tidbits's ghost (weakling GnNe)
  3527 | D:4      | Killed tidbits's ghost
  3741 | D:4      | Reached skill level 10 in Axes
  3981 | D:4      | Reached **** piety under Trog
  3982 | D:4      | Reached XP level 8. HP: 60/67 MP: 7/7
  4268 | D:5      | Entered Level 5 of the Dungeon
  4276 | D:5      | Reached skill level 5 in Armour
  4305 | D:5      | Found an ornate altar of the Wu Jian Council.
  4370 | D:5      | Reached skill level 11 in Axes
  4496 | D:5      | Noticed sking99's ghost (novice HOMo)
  4505 | D:5      | Killed sking99's ghost
  4762 | D:5      | Reached skill level 12 in Axes
  5009 | D:6      | Reached XP level 9. HP: 58/72 MP: 8/8
  5028 | D:6      | Found Suxt's Book Shop.
  5038 | D:6      | Found Goseshafue's Jewellery Emporium.
  5180 | D:6      | Found a staircase to the Ecumenical Temple.
  5875 | D:7      | Found the +9 staff of Wucad Mu {channel}
  6345 | D:7      | Found a hazy altar of Hepliaklqana.
  6476 | D:8      | Reached ***** piety under Trog
  6550 | D:8      | Reached skill level 13 in Axes
  6659 | D:8      | Found a shadowy altar of Dithmenos.
  6708 | D:8      | Found a radiant altar of Vehumet.
  6774 | D:8      | Found a stormy altar of Qazlal.
  7157 | D:8      | Received a gift from Trog
  7255 | D:8      | Reached skill level 10 in Armour
  7355 | D:8      | Noticed Pikel
  7378 | D:8      | Killed Pikel
  7378 | D:8      | Reached XP level 10. HP: 36/80 MP: 9/9
  7574 | D:9      | Found a staircase to the Lair.
  7758 | D:9      | Found a staircase to the Orcish Mines.
  7923 | D:9      | Reached skill level 14 in Axes
  8359 | Lair:1   | Entered Level 1 of the Lair of Beasts
  8586 | Lair:1   | Noticed a four-headed hydra
  8597 | Lair:1   | Killed a four-headed hydra
  8597 | Lair:1   | Reached skill level 5 in Fighting
  9006 | Lair:2   | Reached skill level 15 in Axes
  9254 | Lair:2   | Noticed a spiny frog
  9263 | Lair:2   | Killed a spiny frog
  9263 | Lair:2   | Reached XP level 11. HP: 48/89 MP: 10/10
  9285 | Lair:2   | Found a hole to the Spider Nest.
  9312 | Lair:2   | Slain by a jumping spider

Skill      XL: |  1  2  3  4  5  6  7  8  9 10 |
---------------+-------------------------------+-----
Axes           | 4 5 8 9 10 12 13 15 | 15.4
Fighting       | 4 5 |  5.9
Armour         | 4 7 10 11 | 11.9
Dodging        | |  2.2

Action                   |  1- 3 |  4- 6 |  7- 9 | 10-12 || total
-------------------------+-------+-------+-------+-------++-------
Melee: Hand axe          |   220 |   101 |   393 |       ||   714
       Headbutt          |    66 |    13 |    81 |    51 ||   211
       War axe           |       |       |    18 |   140 ||   158
       Spear             |       |       |       |     8 ||     8
Invok: Berserk           |       |     1 |     9 |     1 ||    11
       Trog's Hand       |       |       |     2 |     1 ||     3
       Burn Spellbooks   |       |       |     1 |     3 ||     4
  Use: Scroll            |       |       |     9 |       ||     9
  Eat: Chunk             |     3 |     6 |    26 |     6 ||    41
       Ration            |       |       |     2 |       ||     2
Armor: Animal skin       |     4 |       |       |       ||     4
       Ring mail         |    12 |     1 |       |       ||    13
       Scale mail        |       |    30 |   130 |       ||   160
       Plate armour      |       |       |    17 |    86 ||   103
Dodge: Dodged            |    44 |    50 |   175 |    67 ||   336
